 Dungeon Crawl Stone Soup version 0.32-a0-422-g28b100f618 (webtiles) character file.

Game seed: 8300252548087588523

4172 Persephone the Severer (level 10, -7/80 HPs)
             Began as a Mountain Dwarf Fighter on Feb 21, 2024.
             Was a Believer of Beogh.
             Mangled by a yak (9 damage)
             ... on level 9 of the Dungeon.
             The game lasted 00:11:44 (9324 turns).

Persephone the Severer (Mountain Dwarf Fighter)     Turns: 9324, Time: 00:11:44

Health: -7/80      AC: 13    Str: 23    XL:     10   Next: 7%
Magic:  12/12      EV:  6    Int:  9    God:    Beogh [**....]
Gold:   374        SH:  5    Dex: 15    Spells: 9/9 levels left

rFire   . . .        q - +3 war axe
rCold   . . .        c - +0 buckler
rNeg    . . .        v - +0 plate armour
rPois   .            (no helmet)
rElec   .            w - scarf {repulsion}
rCorr   .            k - +0 pair of gloves
SInv    +            (no boots)
Will    +....        (no amulet) Stlth
                     u - ring of see invisible
HPRegen 0.33/turn    o - +6 ring of dexterity
MPRegen 0.13/turn

%: repel missiles
@: mighty
A: runic magic, artefact enchanting
a: Renounce Religion, Smiting


You were on level 9 of the Dungeon.
You worshipped Beogh.
Beogh was pleased with you.
You visited 2 branches of the dungeon, and saw 10 of its levels.

You collected 374 gold pieces.

Inventory:

Hand Weapons
 q - a +3 war axe (weapon)
Armour
 c - a +0 buckler (worn)
 k - a +0 pair of gloves (worn)
 v - a +0 plate armour (worn)
 w - a scarf of repulsion (worn)
Jewellery
 o - a +6 ring of dexterity (right hand)
 u - a ring of see invisible (left hand)
Wands
 i - a wand of paralysis (9)
 m - a wand of polymorph (2)
 n - a wand of flame (89)
Scrolls
 a - 2 scrolls of noise
 d - 2 scrolls of enchant weapon
 e - a scroll of enchant armour
 f - a scroll of fear
 g - 2 scrolls of vulnerability
 h - 3 scrolls of teleportation
 j - 3 scrolls of poison
 l - 2 scrolls of amnesia
Potions
 b - a potion of attraction {unknown}


   Skills:
 + Level 4.4 Fighting
 - Level 16.0 Axes
 + Level 4.4 Armour
 + Level 4.4 Shields
 + Level 3.2 Invocations


You had 9 spell levels left.
You didn't know any spells.
Your spell library contained the following spells:

 Spells                   Type           Power      Damage    Failure   Level
 Lesser Beckoning         Tloc           0%         N/A       83%         2
 Gell's Gravitas          Tloc           0%         N/A       96%         3
 Hailstorm                Conj/Ice       0%         3d5       96%         3
 Summon Ice Beast         Ice/Summ       0%         N/A       96%         3
 Teleport Other           Tloc           0%         N/A       96%         3
 Volatile Blastmotes      Fire/Tloc      0%         2d10      96%         3
 Brom's Barrelling Bould  Conj/Erth      0%         2d3       100%        4
 Fulminant Prism          Conj/Alch      0%         3d5       100%        4
 Iskenderun's Mystic Bla  Conj/Tloc      0%         2d3       100%        4
 Fireball                 Conj/Fire      0%         3d3       100%        5
 Iskenderun's Battlesphe  Conj           0%         2d6       100%        5
 Conjure Ball Lightning   Conj/Air       0%         3x3d6     100%        6
 Sculpt Simulacrum        Ice/Alch       0%         N/A       100%        6
 Orb of Destruction       Conj           0%         9d5       100%        7


Dungeon Overview and Level Annotations

Branches:
Dungeon (9/15)             Temple (0/1) D:4            Lair (1/5) D:8
    Orc: D:9-12

Altars:
Cheibriados
Dithmenos
Elyvilon
Hepliaklqana
Makhleb
Nemelex Xobeh
Okawaru
Trog
Vehumet
Yredelemnul
Zin
The Shining One

Shops:
D:3 :


Innate Abilities, Weirdness & Mutations

Your facial features look somewhat orcish.
Your spellcasting is much less encumbered by armour.
You can use scrolls of enchantment on lesser artefacts.


Message History

You barely miss the yak. You hit the yak. x2
You slash the yak!
The yak is severely wounded.
You hit the yak. You slash the yak! You hit the yak but do no damage.
The yak barely misses you. You block the yak's attack. The yak gores you.
You hit the yak.
The yak is almost dead.
You barely miss the yak. You hit the yak but do no damage. You hit the yak.
You hit the yak but do no damage. The yak gores you.
The yak gores you but does no damage. x2; The yak gores you. x2
You slash the yak!
You kill the yak!
Beogh accepts your kill.
You completely miss the yak. You hit the yak. x3
You hit the yak but do no damage.
The yak is severely wounded.
You slash the yak! You closely miss the yak. You barely miss the yak.
You block the yak's attack. The yak gores you!
* * * LOW HITPOINT WARNING * * *
The yak gores you but does no damage. x2
There is a stone staircase leading up here.
You feel very mighty all of a sudden. You block the yak's attack.
The yak gores you!
* * * LOW HITPOINT WARNING * * *
The yak gores you.
* * * LOW HITPOINT WARNING * * *
The yak barely misses you.
You barely miss the yak.
The yak is moderately wounded.
You hit the yak.
You slash the yak! x2; The yak gores you but does no damage.
The yak gores you!
* * * LOW HITPOINT WARNING * * *
The yak barely misses you. The yak gores you but does no damage.
You barely miss the yak.
The yak is moderately wounded.
You barely miss the yak. You slash the yak! You hit the yak.
You kill the yak!
Beogh accepts your kill. The yak barely misses you. The yak gores you!
You die...

#.......#
#.......
.......
#.....####
##........
#.......#
#.......#
#..>†YY.#
##...Y@##
##...##
#####


You could see 3 yaks.

Vanquished Creatures
  A hornet (D:8)
  3 yaks (D:9)
  A shadow (D:8)
  A steam dragon (D:8)
  Edmund (D:5)
  2 water moccasins
  An orc warrior (D:8)
  A sky beast (D:7)
  3 black bears
  4 ogres
  2 centaurs
  2 phantoms
  A weeping skull (D:4)
  3 scorpions
  6 bullfrogs
  3 killer bees (D:7)
  5 howler monkeys
  A bombardier beetle (D:4)
  3 hounds
  2 jellies
  3 orc priests
  2 sleepcaps (D:3)
  Terence (D:2)
  3 iguanas
  Ijyb (D:3)
  7 orc wizards
  4 gnolls (D:2)
  10 adders
  A shadow imp (D:8)
  4 white imps
  2 ufetubi (D:6)
  4 dart slugs
  2 ribbon worms
  28 orcs
  4 bats
  6 endoplasms
  6 giant cockroaches
  7 goblins
  A hobgoblin (D:1)
  10 jackals
  9 ball pythons
  2 frilled lizards
  8 kobolds
  2 rats
  A spectral orc (D:4)
174 creatures vanquished.

Notes
Turn   | Place    | Note
-------+----------+-------------------------------------------
     0 | D:1      | Persephone the Mountain Dwarf Fighter began the quest for
                  | the Orb.
     0 | D:1      | Reached XP level 1. HP: 19/19 MP: 1/1
   143 | D:1      | Reached skill level 3 in Axes
   227 | D:1      | Found a faded altar of an unknown god.
   495 | D:1      | Reached XP level 2. HP: 26/26 MP: 2/2
   963 | D:2      | Reached skill level 4 in Axes
   963 | D:2      | Reached XP level 3. HP: 31/31 MP: 3/3
  1079 | D:2      | Reached skill level 5 in Axes
  1163 | D:2      | Reached XP level 4. HP: 38/38 MP: 4/4
  1187 | D:2      | Noticed Terence
  1196 | D:2      | Killed Terence
  1266 | D:2      | Reached skill level 6 in Axes
  1627 | D:2      | Reached XP level 5. HP: 36/45 MP: 5/5
  2178 | D:3      | Noticed Ijyb
  2189 | D:3      | Paralysed by Ijyb for 2 turns
  2193 | D:3      | Paralysed by Ijyb for 3 turns
  2199 | D:3      | Killed Ijyb
  2200 | D:3      | Reached skill level 7 in Axes
  2384 | D:3      | Found Teang's Book Shoppe.
  2878 | D:3      | Found a burning altar of Makhleb.
  2882 | D:3      | Found a glowing silver altar of Zin.
  2882 | D:3      | Noticed a green death
  2882 | D:3      | Noticed an angel
  3064 | D:3      | Reached XP level 6. HP: 47/51 MP: 6/6
  3191 | D:4      | Reached skill level 8 in Axes
  3225 | D:4      | Found a basalt altar of Yredelemnul.
  3569 | D:4      | Reached skill level 9 in Axes
  3631 | D:4      | Reached XP level 7. HP: 57/57 MP: 7/7
  3837 | D:4      | Found a staircase to the Ecumenical Temple.
  4278 | D:4      | Became a worshipper of Beogh the Shepherd
  4422 | D:5      | Entered Level 5 of the Dungeon
  4432 | D:5      | Found a snail-covered altar of Cheibriados.
  4453 | D:5      | Reached skill level 10 in Axes
  4716 | D:5      | Noticed Edmund
  4740 | D:5      | HP: 1/57 [Edmund/+5 flail of protection (7)]
  4741 | D:5      | Killed Edmund
  4972 | D:5      | Reached skill level 11 in Axes
  5088 | D:5      | Reached XP level 8. HP: 40/63 MP: 8/8
  5165 | D:5      | Found a hazy altar of Hepliaklqana.
  5334 | D:5      | Reached skill level 12 in Axes
  6147 | D:6      | Reached skill level 13 in Axes
  6240 | D:6      | Found a bloodstained altar of Trog.
  6983 | D:6      | Reached * piety under Beogh
  6986 | D:6      | Reached XP level 9. HP: 63/70 MP: 9/9
  6987 | D:6      | Reached skill level 14 in Axes
  7108 | D:6      | Found an iron altar of Okawaru.
  7108 | D:6      | Found a sparkling altar of Nemelex Xobeh.
  7111 | D:6      | Found a glowing golden altar of the Shining One.
  7116 | D:6      | Found a shadowy altar of Dithmenos.
  7118 | D:6      | Found a white marble altar of Elyvilon.
  7549 | D:7      | Found a radiant altar of Vehumet.
  7596 | D:7      | HP: 2/70 [killer bee (8)]
  7855 | D:7      | Reached skill level 15 in Axes
  8185 | D:8      | Found a staircase to the Lair.
  8215 | D:8      | Reached skill level 16 in Axes
  8224 | Lair:1   | Entered Level 1 of the Lair of Beasts
  8471 | D:8      | Paralysed by a hornet for 2 turns
  8478 | D:8      | Reached skill level 1 in Invocations
  8576 | D:8      | Reached ** piety under Beogh
  9049 | D:8      | Reached XP level 10. HP: 67/78 MP: 10/12
  9323 | D:9      | HP: 2/80 [yak (10)]
  9324 | D:9      | Mangled by a yak

Illustrated notes

Levels and vault maps discovered:
D:1:      lemuel_arrival_broad_hall, layout_basic, basic_ecumenical_altar
D:2:      layout_basic, uniq_terence
D:3:      layout_basic, grunt_temple_overflow_order_and_chaos_2, serial_shops,
          nicolae_shop_real_fake_doors, dk_noncrumbling_4, st_stairs_4,
          hellmonk_no_cap, uniq_ijyb
D:4:      layout_loops_corners, yredelemnul_forgotten_temple_becter,
          minmay_temple_entry_trees
D:5:      layout_basic, amcnicky_altar_gilded, overflow_temple_1_default,
          uniq_edmund
D:6:      layout_loops_ring, minitemple, chequers_serial_rivers_micro_a
D:7:      layout_loops_cross, kennysheep_little_box
D:8:      layout_loops_cross, lair_entry_dummy, kennysheep_generic_room_6
D:9:      layout_rooms, mainiacjoe_overflow_24_doors, uniq_maggie
Lair:1:   gammafunk_lair_enchanted_lake, layout_loops_ring

Skill      XL: |  1  2  3  4  5  6  7  8  9 10 |
---------------+-------------------------------+-----
Axes           | 3 4 5 6 7 9 11 13 16 | 16.0
Invocations    | 2 3 |  3.2
Fighting       | 4 |  4.4
Armour         | 4 |  4.4
Shields        | 4 |  4.4

Action                     |  1- 3 |  4- 6 |  7- 9 | 10-12 || total
---------------------------+-------+-------+-------+-------++-------
  Melee: War axe           |    66 |   171 |   360 |    15 ||   612
 Invoke: Convert to Beogh  |       |       |     1 |       ||     1
    Use: Potion            |       |     2 |    10 |     1 ||    13
         Scroll            |       |     5 |     4 |       ||     9
 Armour: Chain mail        |    46 |   129 |    36 |       ||   211
         Scale mail        |     5 |       |       |       ||     5
         Plate armour      |       |       |   290 |    23 ||   313
  Dodge: Dodged            |    33 |    63 |    75 |     7 ||   178
         Repelled          |       |       |     3 |       ||     3
  Block: Buckler           |    11 |    31 |    58 |     6 ||   106

Table legend: (Time is in decaauts)
 A = Elapsed time spent in this place.
 B = Non-inter-level travel time spent in this place.
 C = Inter-level travel time spent in this place.
 D = Time resting spent in this place.
 E = Time spent auto-exploring this place.
 F = Levels seen in this place.
 G = Mean time per level.
                   A        B        C        D        E       F      G
               +--------+--------+--------+--------+--------+-----+--------+
         Total |   9299 |   8884 |    415 |      0 |   7552 |  10 |  929.9 |
       Dungeon |   9297 |   8882 |    415 |      0 |   7552 |   9 | 1033.0 |
          Lair |      1 |      1 |      0 |      0 |      0 |   1 |    1.0 |
               +--------+--------+--------+--------+--------+-----+--------+

Top non-repeatable levels by time:
     D:4: 1413 daAuts
     D:5: 1309 daAuts
     D:6: 1269 daAuts
     D:8: 1184 daAuts
     D:3: 1130 daAuts
     D:2: 1087 daAuts
     D:1: 999 daAuts
     D:7: 889 daAuts
     D:9: 14 daAuts
  Lair:1: 1 daAuts
